Map: Automaton LE

Players

Mesrob - Winner!

  • Race: Terran Terran
  • League: Gold
  • Spawn Location: 3:00

SinTTT

  • Race: Terran Terran
  • League: Gold
  • Spawn Location: 9:00

VOD

Have the link to the VOD?

Description

Time

  • Played on: Jan. 23, 2019, 11:04 p.m.
  • Length: 14:25
Show
View Real Time Build Order
Export as new Build Order

Mesrob Terran - Winner!

Build Orders: Mech 

Get SALT Encoding   

  12  0:00  SCV  
  13  0:12  SCV  
  14  0:19  Supply Depot  
  14  0:24  SCV  
  15  0:40  SCV  
  15  0:41  Barracks  
  16  0:47  Refinery  
  16  0:52  SCV  
  17  1:04  SCV  
  18  1:17  SCV  
  19  1:29  Orbital Command  
  19  1:41  Command Center  
  19  1:43  Marine  
  20  1:54  Bunker  
  20  1:58  SCV  
  21  2:07  Factory  
  21  2:25  Supply Depot  
  21  2:26  SCV  
  21  2:28  Barracks Tech Lab  
  22  2:38  Refinery, SCV  
  23  2:50  SCV  
  24  3:02  SCV  
  24  3:04  Engineering Bay  
  25  3:06  Orbital Command  
  25  3:12  Supply Depot  
  25  3:17  Siege Tank  
  28  3:20  SCV  
  29  3:32  SCV  
  30  3:36  Supply Depot  
  30  3:38  SCV  
  31  3:44  SCV  
  32  3:49  Missile Turret  
  32  3:50  SCV  
  32  3:55  Missile Turret  
  33  3:56  SCV  
  33  3:58  Supply Depot, Siege Tank  
  37  4:02  SCV  
  37  4:07  Armory  
  37  4:08  SCV  
  39  4:15  SCV  
  40  4:20  SCV  
  41  4:27  SCV  
  41  4:30  Siege Tank  
  45  4:33  SCV  
  46  4:39  SCV  
  47  4:46  Supply Depot  
  47  4:47  SCV  
  47  4:51  SCV  
  49  4:57  Command Center  
  49  4:59  SCV  
  50  5:02  Siege Tank  
  50  5:03  Refinery, SCV  
  50  5:06  Terran Vehicle Weapons Level 1  
  54  5:10  Supply Depot  
  54  5:12  SCV  
  54  5:14  Armory  
  55  5:15  SCV  
  56  5:24  SCV  
  56  5:27  Factory  
  57  5:33  SCV  
  57  5:34  Refinery, Supply Depot  
  58  5:36  SCV  
  59  5:45  SCV  
  59  5:48  SCV  
  61  5:53  Thor  
  67  5:59  Supply Depot  
  67  6:00  SCV x2  
  69  6:05  Factory  
  69  6:12  SCV  
  69  6:13  SCV  
  71  6:19  Missile Turret  
  71  6:24  SCV  
  71  6:25  SCV  
  69  6:46  Thor  
  70  7:37  SCV  
  70  7:38  SCV  
  70  7:39  Planetary Fortress  
  70  7:42  Thor  
  78  7:49  SCV  
  78  7:50  SCV  
  80  7:53  Factory Reactor  
  80  7:54  Factory Reactor  
  80  8:01  Factory, SCV  
  80  8:02  SCV  
  82  8:09  Terran Vehicle And Ship Armor Level 1  
  82  8:13  SCV  
  82  8:14  SCV  
  82  8:15  Marine  
  85  8:26  SCV x2  
  76  8:33  Marine  
  74  8:36  Refinery  
  72  8:45  Factory  
  71  8:50  Hellbat x2, Hellion  
  71  8:51  Marine, Hellbat, Thor  
  71  8:52  Factory Tech Lab  
  85  9:01  Refinery  
  85  9:07  Missile Turret  
  85  9:08  Marine  
  86  9:17  Missile Turret  
  86  9:18  Missile Turret  
  86  9:20  Missile Turret  
  86  9:22  Missile Turret  
  86  9:26  Marine  
  86  9:27  Missile Turret  
  86  9:28  Missile Turret  
  87  9:32  SCV  
  87  9:33  SCV  
  87  9:35  SCV  
  90  9:44  SCV  
  90  9:45  Factory Tech Lab, SCV  
  92  9:46  Missile Turret  
  92  9:47  SCV  
  92  9:48  Missile Turret  
  92  9:51  Missile Turret  
  93  9:56  SCV  
  93  9:57  SCV  
  93  9:59  SCV  
  96  10:09  Missile Turret, SCV x2  
  96  10:11  SCV  
  99  10:15  Thor x3  
  117  10:25  SCV x2  
  117  10:27  Supply Depot  
  119  10:35  Missile Turret  
  119  10:39  Sensor Tower  
  119  10:40  Hellion  
  119  10:45  Factory  
  119  10:52  Supply Depot  
  119  10:54  Hellbat  
  119  10:55  Missile Turret  
  119  10:56  Hellbat  
  123  10:57  Thor  
  123  10:59  Hellbat  
  131  11:14  Sensor Tower  
  131  11:15  Supply Depot  
  131  11:16  SCV x3  
  134  11:28  SCV x3  
  134  11:30  Factory  
  136  11:32  Command Center  
  118  12:24  Missile Turret x3  
  118  12:25  Factory Reactor  
  118  12:27  Missile Turret  
  118  12:28  Missile Turret  
  118  12:29  Factory Tech Lab  
  118  12:30  Thor x3  
  118  12:32  Hellbat x4  
  144  12:38  Supply Depot  
  144  12:53  Hellbat  
  144  13:02  Supply Depot  
  124  13:24  Supply Depot  
  123  13:27  Thor  
  123  13:28  Thor x3  
  123  13:29  Hellbat x2  
Show
View Real Time Build Order
Export as new Build Order

SinTTT Terran 

Build Orders: Banshee Rush 

Get SALT Encoding   

  12  0:01  SCV  
  13  0:13  SCV  
  14  0:21  Supply Depot  
  14  0:25  SCV  
  15  0:43  SCV  
  15  0:45  Barracks  
  16  0:55  SCV  
  17  1:03  Refinery  
  17  1:06  Refinery  
  17  1:07  SCV  
  18  1:19  SCV  
  19  1:33  Supply Depot  
  19  1:37  Marine  
  19  1:39  Engineering Bay  
  20  1:46  SCV  
  21  1:55  Factory  
  21  2:04  Bunker  
  21  2:06  SCV  
  22  2:11  Marine  
  23  2:27  Orbital Command  
  23  2:33  Marine  
  24  2:44  Factory Tech Lab  
  24  2:54  Starport  
  24  2:59  Starport  
  24  3:03  Siege Tank  
  27  3:21  SCV  
  28  3:33  SCV  
  29  3:37  Starport Tech Lab x2, Supply Depot  
  29  3:46  Missile Turret  
  29  3:58  Cloaking Field, Banshee x2  
  35  4:07  Supply Depot  
  35  4:14  Missile Turret  
  35  4:20  SCV  
  36  4:41  Banshee x2  
  42  4:52  Command Center, SCV  
  43  5:04  SCV  
  44  5:17  SCV  
  45  5:25  Refinery  
  45  5:30  SCV  
  46  5:42  SCV  
  47  5:49  Fusion Core  
  47  5:52  Refinery  
  47  6:01  Supply Depot  
  47  6:03  Marine  
  47  6:04  SCV  
  49  6:20  Missile Turret  
  49  6:21  Marine  
  44  7:06  Battlecruiser x2  
  50  7:32  Weapon Refit  
  50  7:33  Barracks Reactor  
  50  7:37  Planetary Fortress  
  50  7:53  Supply Depot  
  50  8:03  Supply Depot  
  50  8:09  Marine x2  
  52  8:27  Marine x2  
  48  8:45  Marine x2  
  50  8:55  Battlecruiser x2  
  62  9:03  Marine x2  
  64  9:20  Marine  
  64  9:21  Marine  
  66  9:38  Marine x2  
  63  9:55  Siege Tank  
  63  9:56  Marine x2  
  63  10:01  SCV  
  64  10:10  Battlecruiser x2  
  64  10:13  SCV  
  77  10:14  Marine x2  
  77  10:17  Supply Depot  
  79  10:25  SCV  
  80  10:37  SCV  
  81  10:43  Supply Depot  
  81  10:44  Starport  
  81  10:49  SCV  
  82  11:02  SCV  
  83  11:13  Command Center  
  83  11:14  SCV  
  84  11:26  SCV  
  85  11:38  SCV  
  56  12:10  Refinery  
  56  12:16  Starport Tech Lab  
  56  12:18  Battlecruiser x2  
  68  12:27  Refinery, Planetary Fortress  
  68  12:34  Bunker  
  68  12:51  Liberator  
  44  13:20  Supply Depot  
Tags
 
Composition
Mech
League
GoldGold
Matchup
TvT
Race
Terran
Replay Pack
sc2 replays
Spawn Locations
Cross Positions
Strategy
Banshee Rush
Add a new tag
Caveats
  • Supply blocks, unpowered buildings, or Contaminate may cause inaccurate times.
  • Supply counts are checked every 10 seconds.